 Dungeon Crawl Stone Soup version 0.27-a0-1319-geec4fb4e21 (webtiles) character file.

Game seed: 6742888906908776275

72 Sweetruy1997 the Stinger (level 4, -5/31 HPs)
             Began as a Merfolk Venom Mage on June 21, 2021.
             Was an Initiate of Sif Muna.
             Slain by Sigmund (10 damage)
             ... on level 2 of the Dungeon.
             The game lasted 00:11:37 (2200 turns).

Sweetruy1997 the Stinger (Merfolk Venom Mage)       Turns: 2200, Time: 00:11:37

Health: -5/31      AC:  5    Str:  8    XL:     4   Next: 25%
Magic:  0/8        EV: 11    Int: 15    God:    Sif Muna [......]
Gold:   74         SH:  3    Dex: 14    Spells: 2/8 levels left

rFire    . . .     SeeInvis .   e - +4 dagger
rCold    . . .     Faith    .   l - +0 buckler
rNeg     . . .     Spirit   .   h - +0 leather armour
rPois    .         Reflect  .   m - +0 helmet
rElec    .         Harm     .   j - +0 cloak
rCorr    .         Rampage  .   (no gloves)
Will     .....                  (no boots)
Stlth    ++........             (no amulet)
HPRegen  0.10/turn              g - ring of flight
MPRegen  0.11/turn              (no ring)

@: flying, very slightly contaminated
A: (nimble swimmer 2), mertail
a: Renounce Religion


You were on level 2 of the Dungeon.
You worshipped Sif Muna.
Sif Muna was noncommittal.
You visited 1 branch of the dungeon, and saw 2 of its levels.

You collected 100 gold pieces.
You spent 26 gold pieces at shops.

Inventory:

Hand Weapons
 e - a +4 dagger (weapon)
Armour
 h - a +0 leather armour (worn)
 j - a +0 cloak (worn)
 l - a +0 buckler (worn)
 m - a +0 helmet (worn)
Jewellery
 g - a ring of flight (left hand)
Scrolls
 a - a scroll of acquirement {unknown}
 b - a scroll of teleportation {unknown}
 d - a scroll of enchant armour {unknown}
 f - a scroll of identify {unknown}
 k - a scroll of fog {unknown}
Potions
 c - a potion of curing
 i - a potion of magic {unknown}
 n - a potion of ambrosia {unknown}


   Skills:
 + Level 0.3 Fighting
 + Level 1.0 Short Blades
 + Level 0.1 Armour
 + Level 2.8 Dodging
 + Level 2.4 Stealth
 + Level 2.7 Spellcasting
 + Level 2.0 Transmutations
 + Level 0.3 Air Magic
 + Level 4.1 Poison Magic


You had 2 spell levels left.
You knew the following spells:

 Your Spells              Type           Power      Damage    Failure   Level
a - Sting                 Tmut/Pois      44%        1d5       14%         1
b - Poisonous Vapours     Pois/Air       16%        N/A       30%         2
c - Ignite Poison         Fire/Tmut/Pois 8%         N/A       54%         3

Your spell library contained the following spells:

 Spells                   Type           Power      Damage    Failure   Level
 Mephitic Cloud           Conj/Pois/Air  6%         N/A       63%         3
 Olgreb's Toxic Radiance  Pois           14%        N/A       67%         4


Dungeon Overview and Level Annotations

Branches:
Dungeon (2/15)

Altars:
Sif Muna

Shops:
D:1 [   D:2 :

Annotations:
D:2 Sigmund


Innate Abilities, Weirdness & Mutations

((You are quick and stealthy near water. (Stealth+, EV+, Speed+++)))
Your lower body shifts to a powerful aquatic tail in water.


Message History

Confirm with . or Enter, or press ? or * to list all spells.
Aiming: Sting (safe; 14% risk of failure)
Press: ? - help, Shift-Dir - straight line, f/p - Sigmund
Aim: Sigmund, wielding a +0 scythe and wearing a +0 robe (lightly wounded, 68% to hit)
You miscast Sting.
You are very lightly contaminated with residual magic.
Nothing appears to happen.
You block Sigmund's attack.
Casting: Sting (safe; 14% risk of failure)
Confirm with . or Enter, or press ? or * to list all spells.
Aiming: Sting (safe; 14% risk of failure)
Press: ? - help, Shift-Dir - straight line, f/p - Sigmund
Aim: Sigmund, wielding a +0 scythe and wearing a +0 robe (lightly wounded, 68% to hit)
The sting misses Sigmund.
Sigmund barely misses you.
Casting: Sting (safe; 14% risk of failure)
Confirm with . or Enter, or press ? or * to list all spells.
Aiming: Sting (safe; 14% risk of failure)
Press: ? - help, Shift-Dir - straight line, f/p - Sigmund
Aim: Sigmund, wielding a +0 scythe and wearing a +0 robe (lightly wounded, 68% to hit)
The sting hits Sigmund.
Sigmund is poisoned.
Sigmund is moderately wounded.
Sigmund barely misses you.
Casting: Sting (safe; 14% risk of failure)
Confirm with . or Enter, or press ? or * to list all spells.
Aiming: Sting (safe; 14% risk of failure)
Press: ? - help, Shift-Dir - straight line, f/p - Sigmund
Aim: Sigmund, wielding a +0 scythe and wearing a +0 robe (moderately wounded, poisoned, 68% to hit)
The sting hits Sigmund.
Sigmund looks even sicker.
Sigmund is moderately wounded.
Sigmund casts a spell at you. The magic dart hits you.
* * * LOW HITPOINT WARNING * * *
Casting: Sting (safe; 14% risk of failure)
Confirm with . or Enter, or press ? or * to list all spells.
Okay, then.
It was a potion of curing.
You feel better. Sigmund hits you with a +0 scythe!
* * * LOW HITPOINT WARNING * * *
You barely miss Sigmund.
Sigmund is moderately wounded.
Sigmund hits you with a +0 scythe!
You die...

# #......... #
#.......# #......#
###.#...##
#......##
###########.###..#
#...........# #..#
#.#########.###..#
#.# #.....@# ..#
######@# ### #.#
#.# .!# ###


You could see Sigmund (very poisoned).

Vanquished Creatures
  3 gnolls (D:2)
  A dart slug (D:1)
  3 endoplasms
  2 giant cockroaches
  6 hobgoblins
  7 jackals
  3 ball pythons
  2 bats (D:1)
  7 frilled lizards
  4 kobolds
38 creatures vanquished.

Notes
Turn   | Place    | Note
-------+----------+-------------------------------------------
     0 | D:1      | Sweetruy1997 the Merfolk Venom Mage began the quest for the
                  | Orb.
     0 | D:1      | Reached XP level 1. HP: 13/13 MP: 3/3
   175 | D:1      | Found a faded altar of an unknown god.
   346 | D:1      | Reached XP level 2. HP: 19/19 MP: 3/5
   349 | D:1      | Learned a level 2 spell: Poisonous Vapours
   895 | D:1      | Reached XP level 3. HP: 14/24 MP: 0/6
  1024 | D:1      | Learned a level 3 spell: Ignite Poison
  1216 | D:1      | Found Evumoism's Armour Shop.
  1224 | D:1      | Bought a +0 leather armour for 26 gold pieces
  1520 | D:2      | Found a shimmering blue altar of Sif Muna.
  1539 | D:2      | Became a worshipper of Sif Muna the Loreminder
  1569 | D:2      | Reached skill level 4 in Poison Magic
  1582 | D:2      | Reached skill level 1 in Short Blades
  1582 | D:2      | Reached XP level 4. HP: 13/30 MP: 0/8
  1879 | D:2      | Found Jaran's Book Shop.
  2184 | D:2      | Noticed Sigmund
  2200 | D:2      | Slain by Sigmund

Illustrated notes

Levels and vault maps discovered:
D:1:      zelgadis_glass_arrival_small, layout_loops_ring,
          ebering_ecumenical_altar_box, serial_shops, nicolae_shop_trees
D:2:      layout_loops_ring, serial_shops, nicolae_lakefront_shop, basic_altar,
          uniq_sigmund

Skill      XL: |  1  2  3  4 |
---------------+-------------+-----
Poison Magic   | 4 |  4.1
Short Blades   | 1 |  1.0
Transmutations | 2 |  2.0
Fighting       | |  0.3
Armour         | |  0.1
Dodging        | |  2.8
Stealth        | |  2.4
Spellcasting   | |  2.7
Air Magic      | |  0.3

Action                   |  1- 3 |  4- 6 || total
-------------------------+-------+-------++-------
Melee: Unarmed           |    12 |       ||    12
       Club              |     2 |       ||     2
       Dagger            |    36 |     7 ||    43
 Cast: Sting             |    30 |    11 ||    41
       Poisonous Vapours |    10 |     3 ||    13
  Use: Potion            |       |     1 ||     1
Armor: Robe              |     5 |       ||     5
       Leather armour    |     1 |     1 ||     2
Dodge: Dodged            |    37 |     5 ||    42
Block: Buckler           |       |     1 ||     1

Table legend: (Time is in decaauts)
 A = Elapsed time spent in this place.
 B = Non-inter-level travel time spent in this place.
 C = Inter-level travel time spent in this place.
 D = Time resting spent in this place.
 E = Time spent auto-exploring this place.
 F = Levels seen in this place.
 G = Mean time per level.
                   A        B        C        D        E       F      G
               +--------+--------+--------+--------+--------+-----+--------+
         Total |   2198 |   2187 |     11 |    606 |   1249 |   2 | 1099.0 |
       Dungeon |   2198 |   2187 |     11 |    606 |   1249 |   2 | 1099.0 |
               +--------+--------+--------+--------+--------+-----+--------+

Top non-repeatable levels by time:
     D:1: 1420 daAuts
     D:2: 778 daAuts
